 Dungeon Crawl Stone Soup version 0.31-a0-1458-g2f8d4710b4 (webtiles) character file.

Game seed: 2337587007050359838

526 Groucho the Digger (level 7, -1/52 HPs)
             Began as a Human Earth Elementalist on Dec 28, 2023.
             Slain by an orc warrior
             ... wielding a +0 dire flail
              (20 damage)
             ... on level 3 of the Dungeon.
             The game lasted 00:13:39 (8718 turns).

Groucho the Digger (Human Earth Elementalist)       Turns: 8718, Time: 00:13:39

Health: -1/52      AC:  6    Str: 10 (12) XL:     7   Next: 23%
Magic:  0/10       EV: 12    Int: 20      God:
Gold:   232        SH:  0    Dex: 11      Spells: 6/10 levels left

rFire   . . .        c - +1 dagger
rCold   . . .        (no shield)
rNeg    . . .        a - +0 robe
rPois   .            m - +2 helmet {SInv}
rElec   .            (no cloak)
rCorr   .            d - +0 pair of gloves
SInv    +            (no boots)
Will    +....        s - amulet of the acrobat
Stlth   ++           l - ring of willpower
HPRegen 0.28/turn    (no ring)
MPRegen 0.12/turn

%: acrobat
@: no status effects
A: explore regen, clever 1, deterioration 1, strong 1
a: no special abilities


You were on level 3 of the Dungeon.
You visited 1 branch of the dungeon, and saw 4 of its levels.

You collected 232 gold pieces.

Inventory:

Hand Weapons
 c - a +1 dagger (weapon)
 f - a +1 short sword of speed
 h - a +2 whip of freezing
Armour
 a - a +0 robe (worn)
 d - a +0 pair of gloves (worn)
 m - a +2 helmet of see invisible (worn)
 n - a +2 ring mail of positive energy
 q - a +0 leather armour
Jewellery
 l - a ring of willpower (left hand)
 s - an amulet of the acrobat (around neck)
Wands
 g - a wand of flame (26)
Scrolls
 k - 2 scrolls of teleportation
 p - 2 scrolls of identify {unknown}
Potions
 b - a potion of magic
 e - a potion of lignification
 i - a potion of attraction


   Skills:
 - Level 3.0 Fighting
 - Level 2.0 Dodging
 - Level 2.0 Stealth
 + Level 2.2 Spellcasting
 - Level 5.0 Conjurations
 - Level 5.0 Earth Magic
 - Level 1.0 Alchemy


You had 6 spell levels left.
You knew the following spells:

 Your Spells              Type           Power      Damage    Failure   Level
a - Sandblast             Erth           44%        2d11      1%          1
b - Stone Arrow           Conj/Erth      44%        3d9       6%          3

Your spell library contained the following spells:

 Spells                   Type           Power      Damage    Failure   Level
 Passwall                 Erth           22%        N/A       6%          3
 Necrotise                Necr           8%         1d4       16%         1
 Brom's Barrelling Bould  Conj/Erth      22%        2d4       21%         4
 Petrify                  Alch/Erth      14%        N/A       41%         4
 Vampiric Draining        Necr           2%         2d6       43%         3
 Martyr's Knell           Necr/Summ      2%         N/A       83%         4
 Curse of Agony           Necr           2%         N/A       99%         5


Dungeon Overview and Level Annotations

Branches:
Dungeon (4/15)
 Temple: D:4-7

Altars:
Okawaru

Shops:
D:4 *


Innate Abilities, Weirdness & Mutations

You regain HP and MP as you explore.
Your mind is acute. (Int +4, Str/Dex -1)
Your body sometimes deteriorates upon taking damage.
Your muscles are strong. (Str +4, Int/Dex -1)


Message History

The orc warrior hits you with a +0 dire flail!
Unknown command.
Casting: Stone Arrow (dangerous; 6% risk of failure)
Confirm with . or Enter, or press ? or * to list all spells.
Aiming: Sandblast (safe; 1% risk of failure)
Press: ? - help, Shift-Dir - straight line, f/p - orc warrior
Aim: an orc warrior, wielding a +0 dire flail and wearing a +0 chain mail (almost dead, 81% to hit)
The blast of sand hits the orc warrior but does no damage.
The orc warrior is almost dead.
The orc warrior misses you.
Unknown command.
Casting: Sandblast (safe; 1% risk of failure)
Confirm with . or Enter, or press ? or * to list all spells.
Aiming: Sandblast (safe; 1% risk of failure)
Press: ? - help, Shift-Dir - straight line, f/p - orc warrior
Aim: an orc warrior, wielding a +0 dire flail and wearing a +0 chain mail (almost dead, 81% to hit)
The blast of sand hits the orc warrior but does no damage.
The orc warrior is almost dead.
The orc warrior barely misses you. The orc warrior misses you.
Unknown command.
Casting: Sandblast (safe; 1% risk of failure)
Confirm with . or Enter, or press ? or * to list all spells.
Aiming: Sandblast (safe; 1% risk of failure)
Press: ? - help, Shift-Dir - straight line, f/p - orc warrior
Aim: an orc warrior, wielding a +0 dire flail and wearing a +0 chain mail (almost dead, 81% to hit)
The blast of sand hits the orc warrior.
The orc warrior is almost dead.
The orc warrior misses you.
Unknown command.
Unknown command.
Casting: Sandblast (safe; 1% risk of failure)
Confirm with . or Enter, or press ? or * to list all spells.
Aiming: Sandblast (safe; 1% risk of failure)
Press: ? - help, Shift-Dir - straight line, f/p - orc warrior
Aim: an orc warrior, wielding a +0 dire flail and wearing a +0 chain mail (almost dead, 81% to hit)
The blast of sand hits the orc warrior but does no damage.
The orc warrior is almost dead.
The orc warrior hits you with a +0 dire flail.
The orc warrior hits you with a +0 dire flail!!
You die...

##### ##...## ####### ##.....##
#...... ##.......######### #.#####
.................# #.#
##.......#######># #####.#####
###.....## #o# #.......... ##...##
#@# #.###.#####
####...#########)######.###.# #
..............).....##...##.#####
###.#....####....<[......##....รท.
#.#.##.####..###..##...##..####
###.#..........# #)..........# #
..........###..###..########.# #
###.###..####.......# #.# # #.#
#.............# #.# #


You could see an orc warrior.

Vanquished Creatures
  Sigmund (D:4)
  A water moccasin (D:4)
  Blork the orc (D:4)
  Jessica (D:3)
  Robin (D:2)
  4 gnolls
  2 adders
  3 worms
  3 dart slugs
  3 orcs (D:3)
  5 bats
  8 endoplasms
  4 giant cockroaches
  15 goblins
  7 hobgoblins
  2 jackals (D:3)
  3 quokkas
  12 ball pythons
  5 frilled lizards
  6 kobolds
  3 rats (D:2)
90 creatures vanquished.

Notes
Turn   | Place    | Note
-------+----------+-------------------------------------------
     0 | D:1      | Groucho the Human Earth Elementalist began the quest for
                  | the Orb.
     0 | D:1      | Reached XP level 1. HP: 13/13 MP: 3/3
   235 | D:1      | Reached skill level 1 in Fighting
   235 | D:1      | Reached XP level 2. HP: 18/21 MP: 5/5
  1491 | D:1      | Reached XP level 3. HP: 26/26 MP: 4/6
  1900 | D:1      | Learned a level 3 spell: Stone Arrow
  2966 | D:2      | Gained mutation: Your body sometimes deteriorates upon
                  | taking damage. [potion of mutation]
  2966 | D:2      | Gained mutation: You have hidden genetic potential. [potion
                  | of mutation]
  3851 | D:2      | Reached XP level 4. HP: 34/34 MP: 5/7
  3860 | D:2      | Noticed Robin
  3881 | D:2      | Killed Robin
  3899 | D:2      | Gained mutation: Your mind is acute. (Int +4, Str/Dex -1)
                  | [hidden potential]
  5375 | D:3      | Reached XP level 5. HP: 34/41 MP: 3/8
  5844 | D:3      | Gained mutation: Your muscles are strong. (Str +4, Int/Dex
                  | -1) [hidden potential]
  5844 | D:3      | Lost mutation: You have hidden genetic potential. [hidden
                  | potential expressed]
  6376 | D:3      | Noticed Jessica
  6382 | D:3      | Killed Jessica
  6383 | D:3      | Reached skill level 5 in Earth Magic
  6590 | D:3      | Reached skill level 1 in Conjurations
  7347 | D:4      | Found Zausog's Assorted Antiques.
  7393 | D:4      | Noticed Blork the orc
  7394 | D:4      | Noticed a water moccasin
  7405 | D:4      | Killed a water moccasin
  7406 | D:4      | Reached XP level 6. HP: 35/47 MP: 1/9
  7420 | D:4      | Killed Blork the orc
  8273 | D:4      | Noticed Sigmund
  8280 | D:4      | Killed Sigmund
  8281 | D:4      | Reached skill level 5 in Conjurations
  8281 | D:4      | Reached XP level 7. HP: 37/52 MP: 0/10
  8598 | D:4      | Found an iron altar of Okawaru.
  8718 | D:3      | Slain by an orc warrior

Illustrated notes

Levels and vault maps discovered:
D:1:      spicycebolla_arrival_ecumenical, layout_loops_ring,
          minmay_gold_behind_fungi, nicolae_figureground_sparkle
D:2:      layout_loops_cross, nrook_campfire, uniq_robin
D:3:      layout_loops_ring, uniq_jessica
D:4:      layout_basic, kennysheep_mini_moat, serial_shops, shop, uniq_menkaure,
          uniq_blork_the_orc, uniq_natasha, uniq_sigmund

Skill      XL: |  1  2  3  4  5  6 |
---------------+-------------------+-----
Fighting       | 1 2 3 |  3.0
Earth Magic    | 4 5 |  5.0
Conjurations   | 3 5 |  5.0
Dodging        | |  2.0
Stealth        | |  2.0
Spellcasting   | |  2.2
Alchemy        | |  1.0

Action                     |  1- 3 |  4- 6 |  7- 9 || total
---------------------------+-------+-------+-------++-------
  Melee: Unarmed           |     9 |       |       ||     9
         Dagger            |    29 |    52 |    10 ||    91
   Cast: Sandblast         |    39 |    60 |     6 ||   105
         Stone Arrow       |       |     5 |     2 ||     7
    Use: Potion            |     3 |     5 |       ||     8
         Scroll            |     1 |     2 |       ||     3
   Stab: Sleeping          |     6 |     4 |       ||    10
 Armour: Robe              |    23 |    42 |     8 ||    73
         Skin              |       |    14 |       ||    14
  Dodge: Dodged            |    30 |    59 |     9 ||    98

Table legend: (Time is in decaauts)
 A = Elapsed time spent in this place.
 B = Non-inter-level travel time spent in this place.
 C = Inter-level travel time spent in this place.
 D = Time resting spent in this place.
 E = Time spent auto-exploring this place.
 F = Levels seen in this place.
 G = Mean time per level.
                   A        B        C        D        E       F      G
               +--------+--------+--------+--------+--------+-----+--------+
         Total |   8775 |   8537 |    238 |   5827 |   1831 |   4 | 2193.8 |
       Dungeon |   8775 |   8537 |    238 |   5827 |   1831 |   4 | 2193.8 |
               +--------+--------+--------+--------+--------+-----+--------+

Top non-repeatable levels by time:
     D:2: 2595 daAuts
     D:1: 2363 daAuts
     D:3: 1933 daAuts
     D:4: 1882 daAuts
